 Dungeon Crawl Stone Soup version 0.28.0-45-g0d030f2227 (webtiles) character file.

Game seed: 8117866454820362826

399 DearestLeader the Shield-Bearer (level 6, -6/53 HPs)
             Began as a Gnoll Fighter on Apr 6, 2022.
             Mangled by Natasha (7 damage)
             ... on level 4 of the Dungeon.
             The game lasted 00:03:58 (3709 turns).

DearestLeader the Shield-Bearer (Gnoll Fighter)     Turns: 3709, Time: 00:03:58

Health: -6/53      AC:  7    Str: 18    XL:     6   Next: 84%
Magic:  9/9        EV: 10    Int:  7    God:
Gold:   265        SH:  5    Dex: 11    Spells: 9/9 levels left

rFire   . . .      SeeInvis .   a - +0 war axe
rCold   . . .      Faith    .   c - +0 buckler
rNeg    . . .      Spirit   .   b - +0 scale mail
rPois   .          Reflect  .   (no helmet)
rElec   .          Harm     .   (no cloak)
rCorr   .          Rampage  .   (no gloves)
Will    .....                   (no boots)
Stlth   ..........              (no amulet)
HPRegen 0.17/turn               (no ring)
MPRegen 0.11/turn               (no ring)

@: slowed, very slow
A: fangs 1, strong nose, distributed training
a: no special abilities


You were on level 4 of the Dungeon.
You visited 1 branch of the dungeon, and saw 4 of its levels.

You collected 265 gold pieces.

Inventory:

Hand Weapons
 a - a +0 war axe (weapon)
 h - a +0 hunting sling
Armour
 b - a +0 scale mail (worn)
 c - a +0 buckler (worn)
Jewellery
 e - a ring of poison resistance
Scrolls
 i - a scroll of vulnerability {unknown}
 j - 5 scrolls of teleportation {unknown}
 k - 2 scrolls of enchant weapon {unknown}
 l - a scroll of amnesia {unknown}
 m - 2 scrolls of identify {unknown}
 n - a scroll of immolation {unknown}
Potions
 d - 2 potions of might
 f - 2 potions of attraction {unknown}
 g - a potion of flight {unknown}


   Skills:
 + Level 6.9 Fighting
 + Level 2.1 Short Blades
 + Level 2.1 Long Blades
 + Level 5.0 Axes
 + Level 2.1 Maces & Flails
 + Level 2.1 Polearms
 + Level 2.1 Staves
 + Level 2.1 Slings
 + Level 2.1 Bows
 + Level 2.1 Crossbows
 + Level 2.1 Throwing
 + Level 6.9 Armour
 + Level 2.1 Dodging
 + Level 2.1 Stealth
 + Level 6.9 Shields
 + Level 2.1 Unarmed Combat
 + Level 2.1 Spellcasting
 + Level 1.7 Conjurations
 + Level 1.7 Hexes
 + Level 1.7 Summonings
 + Level 1.7 Necromancy
 + Level 1.7 Translocations
 + Level 1.7 Transmutations
 + Level 1.7 Fire Magic
 + Level 1.7 Ice Magic
 + Level 1.7 Air Magic
 + Level 1.7 Earth Magic
 + Level 1.7 Poison Magic
 + Level 2.3 Invocations
 + Level 2.1 Evocations


You had 9 spell levels left.
You didn't know any spells.
Your spell library contained the following spells:

 Spells                   Type           Power      Damage    Failure   Level
 Pain                     Necr           12%        1d4       54%         1
 Conjure Flame            Conj/Fire      3%         6-21      89%         3
 Ignite Poison            Fire/Tmut/Pois 3%         N/A       89%         3
 Sticky Flame             Conj/Fire      3%         2d3       100%        4
 Agony                    Necr           3%         N/A       100%        5
 Excruciating Wounds      Necr           1%         N/A       100%        5


Dungeon Overview and Level Annotations

Branches:
Dungeon (4/15)
 Temple: D:4-7

Altars:
Gozag

Shops:
D:3 (

Annotations:
D:4 Natasha


Innate Abilities, Weirdness & Mutations

You have very sharp teeth.
Your uncanny sense of smell can sniff out nearby items.
Your experience applies equally to all skills.


Message History

Something hits you.
You slash something!
Reactivating autopickup.
You feel a bit more experienced.
You barely miss the orc. The orc hits you but does no damage.
The white imp gestures at you. The puff of frost hits you!
Natasha casts a spell at you. You resist with some effort.
The orc hits you but does no damage. The white imp gestures at you.
The puff of frost hits you!
Found an opulent altar of Gozag.
The orc hits you but does no damage.
The white imp laughs crazily.
Natasha claws you. The orc hits you but does no damage.
Things that are here:
a +0 dagger; a +0 robe; an orc corpse You hit Natasha.
Natasha is lightly wounded.
You barely miss the orc. You slash the white imp!
You kill the white imp!
The white imp disappears in a puff of smoke!
Natasha closely misses you. You block the orc's attack. Natasha claws you.
The orc hits you with a +0 club.
* * * LOW HITPOINT WARNING * * *
You slash Natasha!
Natasha is almost dead.
You closely miss the orc.
Natasha drinks a potion.
Natasha is healed!
The orc hits you but does no damage.
Natasha howls an incantation.
You feel disoriented. Natasha claws you!
* * * LOW HITPOINT WARNING * * *
The orc hits you with a +0 club.
* * * LOW HITPOINT WARNING * * *
You hit Natasha.
Natasha is moderately wounded.
You slash the orc!
You kill the orc!
Natasha claws you!
You die...

#.##........
........................
.###....................
## #..................##
#..................##
##....................
##...#.................
#...###...........#.≈≈≈
##..## ##....))@h......
....# ##....†.#...._.
...## #.....## .....
...## #..#.## .... ....#
#:.### ...
[...#######..#####. ..
.....#............. .
...................
.....##............


You could see Natasha.

Vanquished Creatures
  A scorpion (D:3)
  A water moccasin skeleton (D:4)
  A hound (D:3)
  Natasha (D:4)
  3 orc wizards (D:4)
  4 gnolls (D:4)
  3 adders
  An adder skeleton (D:4)
  2 worms (D:4)
  2 dart slugs (D:1)
  8 orcs
  5 bats
  7 endoplasms
  2 giant cockroaches
  9 goblins
  8 hobgoblins
  7 jackals
  8 kobolds
  2 quokkas
  9 ball pythons
  6 frilled lizards
  3 rats
93 creatures vanquished.

Notes
Turn   | Place    | Note
-------+----------+-------------------------------------------
     0 | D:1      | DearestLeader the Gnoll Fighter began the quest for the
                  | Orb.
     0 | D:1      | Reached XP level 1. HP: 23/23 MP: 1/1
    67 | D:1      | Reached XP level 2. HP: 28/29 MP: 2/2
   353 | D:1      | Reached XP level 3. HP: 34/35 MP: 3/3
   823 | D:2      | Reached skill level 1 in Invocations
  1000 | D:2      | Reached skill level 1 in Short Blades
  1000 | D:2      | Reached skill level 1 in Long Blades
  1000 | D:2      | Reached skill level 1 in Maces & Flails
  1000 | D:2      | Reached skill level 1 in Polearms
  1000 | D:2      | Reached skill level 1 in Staves
  1000 | D:2      | Reached skill level 1 in Slings
  1000 | D:2      | Reached skill level 1 in Bows
  1000 | D:2      | Reached skill level 1 in Crossbows
  1000 | D:2      | Reached skill level 1 in Throwing
  1000 | D:2      | Reached skill level 1 in Dodging
  1000 | D:2      | Reached skill level 1 in Stealth
  1000 | D:2      | Reached skill level 1 in Unarmed Combat
  1000 | D:2      | Reached skill level 1 in Spellcasting
  1000 | D:2      | Reached skill level 1 in Evocations
  1082 | D:2      | Reached XP level 4. HP: 41/41 MP: 5/5
  1095 | D:2      | Found a faded altar of an unknown god.
  1896 | D:3      | Reached skill level 1 in Conjurations
  1896 | D:3      | Reached skill level 1 in Hexes
  1896 | D:3      | Reached skill level 1 in Summonings
  1896 | D:3      | Reached skill level 1 in Necromancy
  1896 | D:3      | Reached skill level 1 in Translocations
  1896 | D:3      | Reached skill level 1 in Transmutations
  1896 | D:3      | Reached skill level 1 in Fire Magic
  1896 | D:3      | Reached skill level 1 in Ice Magic
  1896 | D:3      | Reached skill level 1 in Air Magic
  1896 | D:3      | Reached skill level 1 in Earth Magic
  1896 | D:3      | Reached skill level 1 in Poison Magic
  2018 | D:3      | Found Ediurase's Weapon Boutique.
  2024 | D:3      | Reached XP level 5. HP: 43/47 MP: 6/6
  2978 | D:4      | Reached XP level 6. HP: 18/53 MP: 8/8
  3306 | D:4      | Reached skill level 5 in Axes
  3691 | D:4      | Noticed Natasha
  3699 | D:4      | Killed Natasha
  3702 | D:4      | Noticed Natasha
  3706 | D:4      | Found an opulent altar of Gozag.
  3708 | D:4      | HP: 1/53 [orc/+0 club (4)]
  3709 | D:4      | Mangled by Natasha

Illustrated notes

Levels and vault maps discovered:
D:1:      amcnicky_arrival_underground_garden, layout_loops_ring
D:2:      layout_rooms, hellmonk_ecumenical_altar_arch_garden, st_stairs_14
D:3:      layout_loops_corners, serial_shops, nicolae_shop_bloodbath_and_beyond
D:4:      minmay_skewed_foursquare, layout_layer_cave,
          mainiacjoe_overflow_chevrons, uniq_natasha

Skill      XL: |  1  2  3  4  5  6 |
---------------+-------------------+-----
Invocations    | 1 2 |  2.3
Short Blades   | 1 2 |  2.1
Long Blades    | 1 2 |  2.1
Maces & Flails | 1 2 |  2.1
Polearms       | 1 2 |  2.1
Staves         | 1 2 |  2.1
Slings         | 1 2 |  2.1
Bows           | 1 2 |  2.1
Crossbows      | 1 2 |  2.1
Throwing       | 1 2 |  2.1
Dodging        | 1 2 |  2.1
Stealth        | 1 2 |  2.1
Unarmed Combat | 1 2 |  2.1
Spellcasting   | 1 2 |  2.1
Evocations     | 1 2 |  2.1
Conjurations   | 1 |  1.7
Hexes          | 1 |  1.7
Summonings     | 1 |  1.7
Necromancy     | 1 |  1.7
Translocations | 1 |  1.7
Transmutations | 1 |  1.7
Fire Magic     | 1 |  1.7
Ice Magic      | 1 |  1.7
Air Magic      | 1 |  1.7
Earth Magic    | 1 |  1.7
Poison Magic   | 1 |  1.7
Axes           | 5 |  5.0
Fighting       | |  6.9
Armour         | |  6.9
Shields        | |  6.9

Action                   |  1- 3 |  4- 6 || total
-------------------------+-------+-------++-------
Melee: War axe           |   103 |   151 ||   254
       Bite              |    10 |    15 ||    25
Armor: Scale mail        |    53 |    90 ||   143
Dodge: Dodged            |    46 |    74 ||   120
Block: Buckler           |    29 |    49 ||    78
